 Dungeon Sprint DCSS version 0.22.1-1-ga44c0e56f4 (webtiles) character file.

404 MuseOD the Covert (level 6, -14/36 HPs)
             Began as a Spriggan Enchanter on Sept 21, 2018.
             Demolished by a tyrant leech (35 damage)
             ... in the Dungeon (Sprint II: "The Violet Keep of Menkaure").
             The game lasted 00:00:35 (51 turns).

MuseOD the Covert (Spriggan Enchanter)                Turns: 51, Time: 00:00:35

Health: -14/36     AC:  2    Str:  4    XL:     6   Next: 56%
Magic:  3/11       EV: 18    Int: 19    God:
Gold:   486        SH:  0    Dex: 16    Spells: 1/10 levels left

rFire    . . .     SeeInvis +   a - +1 dagger
rCold    . . .     Gourm    .   (shield restricted)
rNeg     . . .     Faith    .   b - +0 robe
rPois    .         Spirit   .   (helmet restricted)
rElec    .         Reflect  .   (no cloak)
rCorr    .         Harm     .   (gloves unavailable)
MR       +....     NoTele   +   (boots unavailable)
Stlth    +++++.....             (no amulet)
HPRegen  0.12/turn              (no ring)
MPRegen  0.12/turn              (no ring)

@: very quick
A: very small, unfitting armour, see invisible, herbivore, speed 3, slow
metabolism 2
a: no special abilities


You were in the Dungeon.
You were not hungry.

You visited 1 branch You collected 486 gold pieces.

Inventory:

Hand Weapons
 a - a +1 dagger (weapon)
Armour
 b - a +0 robe (worn)
Scrolls
 j - a scroll of blinking
Potions
 e - a potion of curing
 f - a potion of heal wounds
 g - a potion of haste
 h - 2 potions of magic
 i - a potion of berserk rage
Comestibles
 d - a ration


   Skills:
 + Level 5.8 Fighting
 * Level 10.9 Short Blades
 - Level 3.0 Dodging
 + Level 11.6 Stealth
 - Level 2.6 Spellcasting
 - Level 3.6 Hexes


You had one spell level left.
You knew the following spells:

 Your Spells              Type           Power        Failure   Level  Hunger
a - Corona                Hex            ###....      3%          1    None
b - Ensorcelled Hibernat  Hex/Ice        #.....       12%         2    ##.....
c - Confuse               Hex            ###.....     11%         3    ###....
d - Dazzling Spray        Conj/Hex       #.....       22%         3    ###....

Your spell library contained the following spells:

 Spells                   Type           Power        Failure   Level  Hunger
 Tukima's Dance           Hex            ###.....     11%         3    ###....


Dungeon Overview and Level Annotations

Branches:
Dungeon (1/1)

Altars:


Innate Abilities, Weirdness & Mutations

You are very small and have problems with some larger weapons.
You are too small for most types of armour.
You have supernaturally acute eyesight. (SInv)
You are a herbivore.
You cover ground extremely quickly.
You need to consume almost no food.


Message History

Casting: Ensorcelled Hibernation (safe; 12% risk of failure)
Confirm with . or Enter, or press ? or * to list all spells.
Aiming: Confuse (safe; 11% risk of failure)
Press: ? - help, Shift-Dir - straight line, f/p - tyrant leech
Aim: a tyrant leech (lightly wounded, chance to defeat MR: 29%)
The tyrant leech easily resists.
The tyrant leech bites you!
The tyrant leech draws strength from your injuries!
There isn't anything here!
Casting: Confuse (safe; 11% risk of failure)
Confirm with . or Enter, or press ? or * to list all spells.
You don't know that spell.
There isn't anything here!
Casting: Confuse (safe; 11% risk of failure)
Confirm with . or Enter, or press ? or * to list all spells.
Aiming: Confuse (safe; 11% risk of failure)
Press: ? - help, Shift-Dir - straight line, f/p - tyrant leech
Aim: a tyrant leech (chance to defeat MR: 29%)
The tyrant leech easily resists.
The tyrant leech bites you!!
Ouch! That really hurt!
You die...

## ## ##. .##
#.)#..#
####...# #
##.###'## .##
#..###.##...#
+##.'.<@w#
#.†###.##w.$#
##†# #+# .##
### #


You could see 2 tyrant leeches.

Vanquished Creatures
  A merfolk siren (D)
  4 worker ants (D)
5 creatures vanquished.

Vanquished Creatures (others)
  A crocodile (D)
1 creature vanquished.

Grand Total: 6 creatures vanquished

Notes
Turn   | Place    | Note
-------+----------+-------------------------------------------
     0 | D        | MuseOD the Spriggan Enchanter began the quest for the Orb.
     0 | D        | Reached XP level 1. HP: 9/9 MP: 5/5
     1 | D        | Noticed a tyrant leech
     1 | D        | Noticed a tyrant leech
     4 | D        | Noticed a merfolk siren
     7 | D        | Noticed a worker ant
     7 | D        | Noticed a worker ant
     9 | D        | Noticed a worker ant
     9 | D        | Noticed a worker ant
    10 | D        | Killed a worker ant
    10 | D        | Reached skill level 6 in Stealth
    10 | D        | Reached XP level 2. HP: 15/15 MP: 6/6
    11 | D        | Reached skill level 5 in Short Blades
    11 | D        | Reached skill level 7 in Stealth
    11 | D        | Reached XP level 3. HP: 19/19 MP: 8/8
    15 | D        | Killed a crocodile
    19 | D        | Learned a level 2 spell: Ensorcelled Hibernation
    23 | D        | Learned a level 3 spell: Confuse
    27 | D        | Reached XP level 4. HP: 24/24 MP: 9/9
    30 | D        | Reached skill level 8 in Stealth
    38 | D        | Killed a merfolk siren
    38 | D        | Reached skill level 5 in Fighting
    38 | D        | Reached skill level 10 in Short Blades
    38 | D        | Reached skill level 11 in Stealth
    38 | D        | Reached XP level 5. HP: 32/32 MP: 10/10
    38 | D        | Reached XP level 6. HP: 36/36 MP: 11/11
    43 | D        | Learned a level 3 spell: Dazzling Spray
    51 | D        | Demolished by a tyrant leech

Skill      XL: |  1  2  3  4 |
---------------+-------------+-----
Fighting       | 2 3 5 |  5.8
Short Blades   | 4 5 6 10 | 10.9
Stealth        | 6 7 11 | 11.6
Dodging        | |  3.0
Spellcasting   | |  2.6
Hexes          | |  3.6

Action                   |  1- 3 |  4- 6 || total
-------------------------+-------+-------++-------
Melee: Dagger            |     3 |     3 ||     6
 Cast: Confuse           |       |     2 ||     2
       Ensorcelled Hiber |       |     1 ||     1
 Stab: Sleeping          |     3 |     2 ||     5
Dodge: Dodged            |       |     1 ||     1
